 Dungeon Crawl Stone Soup version 0.21.1-1-g345015f (webtiles) character file.

4386 RudyRod the Covert (level 10, -1/88 HPs)
             Began as a Naga Fighter on May 2, 2018.
             Was a Follower of Okawaru.
             Slain by a two-headed ogre
             ... wielding a +0 giant spiked club
              (18 damage)
             ... on level 8 of the Dungeon.
             The game lasted 00:43:33 (9371 turns).

RudyRod the Covert (Naga Fighter)                   Turns: 9371, Time: 00:43:34

Health: -1/88      AC: 15    Str: 27    XL:     10   Next: 35%
Magic:  10/10      EV:  9    Int:  8    God:    Okawaru [*.....]
Gold:   411        SH: 14    Dex: 17    Spells: 9/9 levels left

rFire    . . .     SeeInvis +   u - +3 long sword (curse)
rCold    . . .     Gourm    .   c - +0 shield
rNeg     . . .     Faith    .   A - +3 leather armour
rPois    +         Spirit   .   (no helmet)
rElec    .         Reflect  +   B - +0 cloak
rCorr    .         Harm     .   (no gloves)
MR       +....                  q - +1 naga barding
Stlth    ++++......             n - amulet of the Fiend {Reflect +Fly Dex+6 SH+3}
HPRegen  0.24/turn              g - +5 ring of strength
MPRegen  0.12/turn              (no ring)

@: very slightly contaminated, invisible, very slow
A: large, see invisible, deformed body, poison resistance, slowness 2, slow
metabolism 1, spit poison 1, AC +3
a: Spit Poison, Heroism, Renounce Religion, Evoke Flight


You were on level 8 of the Dungeon.
You worshipped Okawaru.
Okawaru was aware of your devotion.
You were not hungry.

You visited 2 branches of the dungeon, and saw 9 of its levels.

You collected 411 gold pieces.

Inventory:

Hand Weapons
 a - a +1 long sword
 t - a +2 dire flail of holy wrath
 u - a cursed +3 long sword (weapon)
 w - a cursed -2 scimitar
 I - a +0 club
Armour
 b - a +0 scale mail
 c - a +0 shield (worn)
 i - a +0 chain mail
 q - a +1 naga barding (worn)
 A - a +3 leather armour (worn)
 B - a +0 cloak (worn)
 H - a +0 leather armour of poison resistance
Magical Staves
 r - an uncursed staff of fire {unknown}
Jewellery
 g - a +5 ring of strength (left hand)
 n - the amulet of the Fiend (around neck) {Reflect +Fly Dex+6 SH+3}
   (You found it on level 7 of the Dungeon)

   [amulet of reflection]

   It shields you and reflects attacks.
   It affects your dexterity (+6).
   It lets you fly.
   It affects your SH (+3).
 o - the amulet "Vouc" {Reflect rElec rC+ SH+3}
   (You took it off an orc wizard on level 5 of the Dungeon)

   [amulet of reflection]

   It shields you and reflects attacks.
   It protects you from cold.
   It insulates you from electricity.
   It affects your SH (+3).
 y - an uncursed amulet of faith {unknown}
 J - a +2 amulet of reflection {unknown}
Wands
 d - a wand of clouds (6)
 p - a wand of disintegration (15)
 E - a wand of iceblast (11)
 K - a wand of digging (14)
Scrolls
 j - 6 scrolls of remove curse
 k - 2 scrolls of fear {unknown}
 x - 2 scrolls of enchant weapon
 C - a scroll of teleportation {unknown}
 D - 3 scrolls of silence {unknown}
 L - 5 scrolls of identify
 M - a scroll of blinking {unknown}
Potions
 e - a potion of flight {unknown}
 h - a potion of resistance
 l - 2 potions of ambrosia
 m - 2 potions of curing
 s - 2 potions of lignification
 z - a potion of magic
 F - a potion of brilliance {unknown}
 G - a potion of berserk rage {unknown}
Comestibles
 f - 8 rations


   Skills:
 + Level 5.4 Fighting
 + Level 7.9 Long Blades
 + Level 4.6 Armour
 * Level 5.1 Dodging
 * Level 10.2 Stealth
 + Level 5.3 Shields


You had 9 spell levels left.
You didn't know any spells.

Dungeon Overview and Level Annotations

Branches:
Dungeon (8/15)             Temple (1/1) D:7
   Lair: D:8-11

Altars:
Ashenzari
Cheibriados
Dithmenos
Elyvilon
Fedhas
Gozag
Hepliaklqana
Kikubaaqudgha
Makhleb
Nemelex Xobeh
Okawaru
Qazlal
Ru
Sif Muna
Trog
Uskayaw
Vehumet
Wu Jian
Xom
Yredelemnul
Zin
The Shining One

Annotations:
D:7 Prince Ribbit


Innate Abilities, Weirdness & Mutations

You cannot wear boots.
Your serpentine skin is tough. (AC +3)
You have supernaturally acute eyesight. (SInv)
Armour fits poorly on your strangely shaped body.
Your system is resistant to poisons. (rPois)
You cover ground very slowly.
You have a slow metabolism.
You can spit poison.


Message History

You barely miss Maurice.
Maurice is severely wounded.
Maurice hits you but does no damage.
You catch the helpless Maurice completely off-guard!
You slash Maurice!
Maurice is almost dead.
Maurice completely misses you.
You riposte.
You slash Maurice!
You kill Maurice!
Okawaru is honoured by your kill.
You can now gain great but temporary skills.
Your Stealth skill increases to level 10!
The two-headed ogre barely misses you. You block the two-headed ogre's attack.
You slash the two-headed ogre!
The two-headed ogre is moderately wounded.
You hit the two-headed ogre.
The two-headed ogre is heavily wounded.
The two-headed ogre hits you with a giant spiked club!
* * * LOW HITPOINT WARNING * * *
The two-headed ogre hits you with a giant spiked club!!
You die...

#....# #...... #....#
#...... # #....# #..####
.. #....# #..# ...
#.)..# #..# .... ###'##
#..####
.....#+######.####......
........................
##...)@.#####.####.....
#....O.# #..#.......
#...........#.#.#.####
#.......... #...#.#
#...........#.###.#
#...........#...#.#
+...........##..#.#
#......###......#.#
#......#.#


You could see a two-headed ogre.

Vanquished Creatures
  A two-headed ogre (D:8)
  Maurice (D:8)
  A hornet (D:7)
  Grinder (D:4)
  3 yaks (D:7)
  Edmund (D:4)
  Duvessa (D:5)
  A water moccasin (D:7)
  An ice beast (D:5)
  A sky beast (D:7)
  2 phantoms (D:7)
  An ogre (D:7)
  A big kobold (D:7)
  3 bullfrogs (D:6)
  A gnoll sergeant (D:7)
  Dowan (D:5)
  5 scorpions
  7 wights (D:7)
  A howler monkey (D:7)
  A crimson imp (D:5)
  A bullfrog zombie (D:5)
  A centaur zombie (D:7)
  3 centaur skeletons
  A hound (D:7)
  Crazy Yiuf (D:5)
  4 orc priests
  A bullfrog skeleton (D:5)
  Ijyb (D:5)
  3 orc wizards
  7 worker ants
  A hound skeleton (D:4)
  3 gnolls (D:7)
  10 adders
  A shadow imp (D:8)
  An ooze (D:3)
  An adder skeleton (D:4)
  An adder zombie (D:6)
  6 worms
  2 dart slugs
  6 leopard geckos
  29 orcs
  5 ball pythons
  10 bats
  3 giant cockroaches
  6 goblins
  6 hobgoblins
  7 jackals
  9 kobolds
  4 quokkas
  A ball python skeleton (D:4)
  7 frilled lizards
  11 rats
188 creatures vanquished.

Vanquished Creatures (others)
  A quokka (D:5)
1 creature vanquished.

Grand Total: 189 creatures vanquished

Notes
Turn   | Place    | Note
-------+----------+-------------------------------------------
     0 | D:1      | RudyRod the Naga Fighter began the quest for the Orb.
     0 | D:1      | Reached XP level 1. HP: 21/21 MP: 1/1
    69 | D:1      | Reached XP level 2. HP: 20/28 MP: 2/2
   607 | D:1      | Reached XP level 3. HP: 34/34 MP: 3/3
   878 | D:2      | Reached skill level 1 in Stealth
  1148 | D:2      | Reached XP level 4. HP: 42/42 MP: 4/4
  1753 | D:3      | Reached skill level 2 in Stealth
  1766 | D:3      | Reached XP level 5. HP: 33/49 MP: 5/5
  1982 | D:3      | Reached skill level 1 in Dodging
  2266 | D:3      | Found a sparkling altar of Nemelex Xobeh.
  2450 | D:3      | Reached skill level 3 in Stealth
  2912 | D:3      | Reached XP level 6. HP: 45/57 MP: 6/6
  4161 | D:4      | Reached skill level 4 in Stealth
  4179 | D:4      | Noticed Grinder
  4179 | D:4      | Paralysed by Grinder for 2 turns
  4187 | D:4      | Killed Grinder
  4187 | D:4      | Reached XP level 7. HP: 63/64 MP: 7/7
  4774 | D:5      | Entered Level 5 of the Dungeon
  4787 | D:5      | Found a sparkling altar of Nemelex Xobeh.
  4798 | D:5      | Reached skill level 5 in Stealth
  4807 | D:5      | Noticed Ijyb
  4807 | D:5      | Found a white marble altar of Elyvilon.
  4809 | D:5      | Killed Ijyb
  4812 | D:5      | Noticed Edmund
  4812 | D:5      | Noticed Duvessa
  4813 | D:5      | Noticed Dowan
  5264 | D:5      | Reached XP level 8. HP: 55/72 MP: 8/8
  5657 | D:5      | Got a transparent golden amulet
  5698 | D:4      | Killed Edmund
  5721 | D:5      | Reached skill level 5 in Long Blades
  5797 | D:5      | Reached skill level 6 in Stealth
  5859 | D:5      | Killed Duvessa
  5863 | D:5      | Killed Dowan
  6192 | D:5      | Found a runed door.
  6196 | D:5      | Noticed Crazy Yiuf
  6200 | D:5      | Killed Crazy Yiuf
  6974 | D:6      | Reached skill level 7 in Stealth
  6974 | D:6      | Reached XP level 9. HP: 56/79 MP: 9/9
  7340 | D:7      | Identified the amulet "Vouc" {Reflect rElec rC+ SH+3} (You took it off an orc wizard on level 5 of the Dungeon)
  7349 | D:7      | Noticed Prince Ribbit
  7691 | D:7      | Got a smoking ruby amulet
  7696 | D:7      | Identified the amulet of the Fiend {Reflect +Fly Dex+6 SH+3} (You found it on level 7 of the Dungeon)
  7787 | D:7      | Noticed a hornet
  7803 | D:7      | Paralysed by a hornet for 3 turns
  7809 | D:7      | Killed a hornet
  7809 | D:7      | Reached skill level 5 in Fighting
  8331 | D:7      | Reached skill level 8 in Stealth
  8620 | D:7      | Reached skill level 9 in Stealth
  8620 | D:7      | Reached skill level 5 in Shields
  8677 | D:7      | Reached XP level 10. HP: 88/88 MP: 10/10
  8749 | D:7      | Found a staircase to the Ecumenical Temple.
  8758 | Temple   | Entered the Ecumenical Temple
  8765 | Temple   | Became a worshipper of Warmaster Okawaru
  9331 | D:8      | Noticed a two-headed ogre
  9344 | D:8      | Killed a two-headed ogre
  9344 | D:8      | Reached skill level 5 in Dodging
  9350 | D:8      | Noticed Maurice
  9351 | D:8      | Noticed a two-headed ogre
  9369 | D:8      | Killed Maurice
  9369 | D:8      | Reached * piety under Okawaru
  9369 | D:8      | Reached skill level 10 in Stealth
  9371 | D:8      | Slain by a two-headed ogre

Skill      XL: |  1  2  3  4  5  6  7  8  9 10 |
---------------+-------------------------------+-----
Stealth        | 1 2 3 4 5 7 9 10 | 10.2
Armour         | 3 4 |  4.6
Shields        | 3 4 5 |  5.3
Dodging        | 1 2 3 4 5 |  5.1
Long Blades    | 3 4 5 7 |  7.9
Fighting       | 4 5 |  5.4

Action                   |  1- 3 |  4- 6 |  7- 9 | 10-12 || total
-------------------------+-------+-------+-------+-------++-------
Melee: Long sword        |    57 |   246 |   521 |    29 ||   853
 Abil: Spit Poison       |    31 |    46 |    48 |     1 ||   126
  Use: Potion            |       |     2 |     5 |     2 ||     9
       Scroll            |       |       |    14 |       ||    14
 Stab: Sleeping          |       |       |     5 |     2 ||     7
       Invisible         |       |       |       |     5 ||     5
  Eat: Chunk             |     2 |    11 |     9 |     2 ||    24
       Ration            |       |       |     2 |       ||     2
Armor: Scale mail        |    32 |   135 |   120 |       ||   287
       Leather armour    |       |       |   106 |     4 ||   110
Dodge: Dodged            |    21 |    48 |    91 |    11 ||   171
Block: Shield            |    35 |   120 |   297 |    14 ||   466
       Reflection        |       |       |     2 |       ||     2
       Rpst.: Long sword |     8 |    11 |    39 |     6 ||    64
